 Dungeon Crawl Stone Soup version 0.29.0-4-gdea44cf6ec (webtiles) character file.

Game seed: 15247655579783671966

72 qw the Chopper (level 4, -3/26 HPs)
             Began as a Tengu Warper on Aug 28, 2022.
             Slain by Natasha (8 damage)
             ... on level 2 of the Dungeon.
             The game lasted 00:00:08 (1215 turns).

qw the Chopper (Tengu Warper)                       Turns: 1215, Time: 00:00:09

Health: -3/26      AC:  4    Str: 13    XL:     4   Next: 25%
Magic:  8/8        EV: 12    Int: 14    God:
Gold:   68         SH:  0    Dex: 13    Spells: 7/7 levels left

rFire   . . .      SeeInvis .   Y - +0 hand axe
rCold   . . .      Faith    .   (no shield)
rNeg    . . .      Spirit   .   g - +0 troll leather armour
rPois   .          Reflect  .   (helmet restricted)
rElec   .          Harm     .   i - scarf {repulsion}
rCorr   .          Rampage  .   (no gloves)
Will    .....                   (boots unavailable)
Stlth   +.........              (no amulet)
HPRegen 0.88/turn               (no ring)
MPRegen 0.11/turn               (no ring)

@: slowed, repel missiles, very slow
A: beak, talons 3
a: no special abilities


You were on level 2 of the Dungeon.
You visited 1 branch of the dungeon, and saw 2 of its levels.

You collected 68 gold pieces.


Innate Abilities, Weirdness & Mutations

You have a beak for a mouth.
You have claws for feet.


   Skills:
 - Level 2.0 Fighting
 + Level 4.8 Axes
 - Level 1.0 Throwing
 - Level 1.1 Armour
 - Level 2.1 Dodging
 - Level 2.0 Spellcasting
 - Level 2.4 Translocations


You had 7 spell levels left.
You didn't know any spells.
Your spell library contained the following spells:

 Spells                   Type           Power      Damage    Failure   Level
 Blink                    Tloc           16%        N/A       17%         2
 Gell's Gravitas          Tloc           8%         N/A       34%         3
 Lesser Beckoning         Tloc           8%         N/A       34%         3
 Teleport Other           Tloc           8%         N/A       34%         3
 Manifold Assault         Tloc           8%         N/A       97%         5

Inventory:

Hand Weapons
 f - a +0 whip
 Y - a +0 hand axe (weapon)
Armour
 g - a +0 troll leather armour (worn)
 i - a scarf of repulsion (worn)
Scrolls
 b - a scroll of identify
Potions
 a - a potion of might {unknown}
 h - a potion of heal wounds {unknown}
 k - a potion of curing {unknown}
 m - a potion of haste {unknown}

Dungeon Overview and Level Annotations

Branches:
Dungeon (2/15)

Altars:

Annotations:
D:2 Natasha


Message History

The white imp disappears in a puff of smoke!
You have reached level 4!
You feel clever.
You start waiting.
You feel yourself speed up.
Natasha, Servant of Life and Death comes into view.
1201 ||| Stepping ~*~*~tactically~*~*~ (stealth).
1202 ||| Stepping ~*~*~tactically~*~*~ (stealth).
Natasha claws you.
You hit Natasha but do no damage. Your peck misses Natasha. Natasha claws you.
You hit Natasha but do no damage. Your kick misses Natasha.
Your peck misses Natasha. Natasha barely misses you.
You closely miss Natasha.
Natasha stares at you and mumbles some strange words.
You feel yourself slow down.
You closely miss Natasha. Natasha claws you.
Natasha claws you but does no damage.
You barely miss Natasha. You claw Natasha.
Natasha is lightly wounded.
Natasha misses you. Natasha claws you but does no damage.
You hit Natasha.
Natasha is heavily wounded.
Natasha claws you.
You barely miss Natasha.
Natasha is heavily wounded.
Natasha claws you. Natasha barely misses you.
You hit Natasha. Your peck misses Natasha.
Natasha is severely wounded.
Natasha claws you!
You hit Natasha. Your kick misses Natasha.
Natasha is almost dead.
Natasha claws you. Natasha claws you!
You closely miss Natasha. Your kick misses Natasha. Your peck misses Natasha.
Natasha is almost dead.
Natasha claws you but does no damage.
You barely miss Natasha. Your kick misses Natasha.
Natasha is almost dead.
Natasha closely misses you. Natasha claws you!
You die...

. ##...###
#.#..#
#.##.#
..##.#
...##.###
...###...#
#.. ###.#
######.##
#.h@....#
#...#######
....# ... .


You could see Natasha.

Vanquished Creatures
  Natasha (D:2)
  2 adders (D:2)
  An endoplasm (D:1)
  3 giant cockroaches (D:1)
  5 goblins (D:1)
  2 hobgoblins (D:1)
  3 kobolds
  A quokka (D:1)
  3 bats (D:1)
  2 frilled lizards
  7 rats
30 creatures vanquished.

Vanquished Creatures (others)
  5 toadstools (D:2)
5 creatures vanquished.

Grand Total: 35 creatures vanquished

Notes
Turn   | Place    | Note
-------+----------+-------------------------------------------
     0 | D:1      | qw the Tengu Warper began the quest for the Orb.
     0 | D:1      | Reached XP level 1. HP: 12/12 MP: 4/4
     0 | D:1      | 0 ||| qw: Version: 0.1-a-89-g26bdef1
     0 | D:1      | 0 ||| qw: Game counter: 1209
     0 | D:1      | 0 ||| qw: Always use a shield: true
     0 | D:1      | 0 ||| qw: God list: Okawaru
     0 | D:1      | 0 ||| qw: Allow faded altars: false
     0 | D:1      | 0 ||| qw: Do Orc after D:15 true
     0 | D:1      | 0 ||| qw: Do second Lair branch before Depths: true
     0 | D:1      | 0 ||| qw: Lair rune preference: random
     0 | D:1      | 0 ||| qw: Plans: Normal
     0 | D:1      | 0 ||| PLANNING D:1-11
    33 | D:1      | 33 ||| Stepping ~*~*~tactically~*~*~ (stealth).
   132 | D:1      | Reached skill level 3 in Axes
   132 | D:1      | Reached XP level 2. HP: 10/17 MP: 6/6
   311 | D:1      | 311 ||| Stepping ~*~*~tactically~*~*~ (stealth).
   733 | D:1      | 733 ||| Stepping ~*~*~tactically~*~*~ (stealth).
   737 | D:1      | Reached XP level 3. HP: 16/21 MP: 7/7
   970 | D:1      | 970 ||| UPGRADING to +0 troll leather armour.
   980 | D:1      | 980 ||| DROPPING +0 leather armour.
   981 | D:1      | 981 ||| UPGRADING to scarf of repulsion.
   986 | D:1      | 986 ||| READING 3 scrolls labelled XOBORGH DORRACW.
   987 | D:1      | 987 ||| READING 3 scrolls labelled MALIKHEBIMN.
   988 | D:1      | 988 ||| READING scroll labelled DIQAMI YKLOAF.
   989 | D:1      | 989 ||| READING scroll labelled ICAASI NEUNAAS.
   990 | D:1      | 990 ||| DROPPING 2 scrolls of amnesia.
   991 | D:1      | 991 ||| DROPPING scroll of blinking.
   992 | D:1      | 992 ||| DROPPING 2 scrolls of noise.
  1024 | D:2      | Reached skill level 4 in Axes
  1025 | D:2      | 1025 ||| FLEEEEING.
  1026 | D:2      | 1026 ||| FLEEEEING.
  1143 | D:2      | Noticed Natasha
  1144 | D:2      | 1144 ||| Stepping ~*~*~tactically~*~*~ (hiding).
  1152 | D:2      | Killed Natasha
  1153 | D:2      | Reached XP level 4. HP: 26/26 MP: 8/8
  1200 | D:2      | Noticed Natasha
  1201 | D:2      | 1201 ||| Stepping ~*~*~tactically~*~*~ (stealth).
  1202 | D:2      | 1202 ||| Stepping ~*~*~tactically~*~*~ (stealth).
  1213 | D:2      | HP: 3/26 [Natasha (8)]
  1215 | D:2      | Slain by Natasha

Levels and vault maps discovered:
D:1:      dpeg_arrival_castle, layout_loops_ring, hangedman_decor_lopped
D:2:      layout_rooms, minmay_gold_behind_fungi, nrook_mini_vaults,
          uniq_natasha

Skill      XL: |  1  2  3 |
---------------+----------+-----
Axes           | 3 4 |  4.8
Fighting       | |  2.0
Throwing       | |  1.0
Armour         | |  1.1
Dodging        | |  2.1
Spellcasting   | |  2.0
Translocations | |  2.4

Action                   |  1- 3 |  4- 6 || total
-------------------------+-------+-------++-------
Melee: Hand axe          |    76 |    11 ||    87
       Peck              |     7 |       ||     7
       Kick              |    13 |     1 ||    14
Throw: Boomerang         |     7 |       ||     7
  Use: Scroll            |     4 |       ||     4
 Stab: Sleeping          |     1 |       ||     1
Armor: Leather armour    |     9 |       ||     9
       Troll leather arm |     9 |     3 ||    12
Dodge: Dodged            |    44 |     4 ||    48

Table legend:
 A = Non-vault XP
 B = Vault XP
 C = Vault XP percentage of total XP
 D = Non-vault monster count
 E = Vault monster count
 F = Vault count percentage of total count
                 A         B        C        D         E       F
            +---------+---------+-------+---------+---------+-------
      Total |      67 |      36 |  35.0 |      29 |       1 |   3.3
            +---------+---------+-------+---------+---------+-------
        D:1 |      36 |       0 |   0.0 |      22 |       0 |   0.0
        D:2 |      31 |      36 |  53.7 |       7 |       1 |  12.5
            +---------+---------+-------+---------+---------+-------
